Unix NetHack Version 5.0.0-0 post-release - last build Jul 14 2026 02:55:29 (1809b74e8187c3a3585e283601c3028b46cbbdcb,branch:main).

Game began 2026-07-03 16:52:00, ended 2026-07-19 15:55:57.

Japes, lawful male human Monk

                   | ------- -------  ----
                   -.......|-......   ...
              .........--.h|....# ....-
           -........... -....{....h...|
          |.. ----.|.. |..#@..G.----  |
          - -    --|.. |...%....|
                   |.- --...--+--
                   |.   |...|
                   --   +...|
                        -...|
                         ..h|
                        ....|
                       ---..|
                         |..|
                         +..-
                         |..
                         |..
                         ----

Japes the Novice                St:18/01 Dx:14 Co:10 In:10 Wi:15 Ch:10  Lawful
Dlvl:8  $:282 HP:0(29) Pw:28(28) AC:4  Xp:5/202 T:2190  Burdened

Latest messages:
 You hear crashing rock.
 You see here a dagger.
 The gnome hits!
 You kill the gnome!
 Welcome to experience level 5.
 You feel stealthy!
 You have a little trouble lifting T - a dagger (2 in total).
 You see here a pair of iron shoes.
 You have a little trouble lifting u - a pair of iron shoes.
 You see here 8 rocks.
 You kill the gnome!
 There is a branch staircase up to the Dungeons of Doom here.
 You see here an orcish helm.
 You have a little trouble lifting x - an orcish helm.
 The dwarf zaps a marble wand!
 The wand misses you.
 The dwarf zaps a marble wand!
 The wand hits you!
 You kill the dwarf!
 There are several objects here.
 You have a little trouble lifting y - a dwarvish cloak.
 z - a wand of striking.
 D - a pick-axe.
 E - a red gem.
 The gnome picks up 8 rocks.
 You are beginning to feel hungry.
 What do you want to eat? [f-isF or ?*]
 This food really hits the spot!
 You finish eating the food ration.
 You step onto a level teleport trap!
 You feel disoriented.
 You materialize on a different level!
 You feel less confused now.
 The gnome zaps a wand of striking!
 The wand hits the gnome!
 The gnome is killed!
 The wand misses you.
 The gnome lord hits!
 You hit the gnome lord!
 The gnome lord hits!
 The gnome zaps a wand of striking!
 The wand hits you!
 You hit the gnome lord!
 You hear a door open.
 You kill the gnome lord!
 The gnome zaps a wand of striking!
 The wand hits you!
 You die...
 Do you want your possessions identified? [ynq] (y)
 Do you want to see your attributes? [ynq] (y)

Inventory:
 Coins    ('$')
  $ - 282 gold pieces
 Amulets  ('"')
  p - an uncursed amulet versus poison (being worn)
 Weapons  (')')
  n - 13 cursed +0 crossbow bolts
  o - a +0 crossbow
  T - 2 +0 daggers
  m - 4 +0 orcish daggers
 Armor    ('[')
  x - an uncursed +0 orcish helm
  a - an uncursed +2 pair of leather gloves (being worn)
  u - an uncursed +0 pair of iron shoes
  y - an uncursed +0 dwarvish cloak
  b - an uncursed +1 robe (being worn)
 Comestibles  ('%')
  g - 6 uncursed apples
  f - 4 uncursed food rations
  i - 4 uncursed fortune cookies
  h - 6 uncursed oranges
  F - an uncursed tripe ration
  s - 2 uncursed lichen corpses
 Scrolls  ('?')
  J - an uncursed scroll of amnesia
  c - 2 uncursed scrolls of enchant armor
 Spellbooks  ('+')
  j - a blessed spellbook of confuse monster
  q - an uncursed spellbook of light
 Potions  ('!')
  C - an uncursed potion of full healing
  r - 3 uncursed potions of gain energy
  e - a blessed potion of healing
  d - 5 uncursed potions of healing
  Q - 2 cursed potions of healing
  A - a cursed potion of restore ability
  w - an uncursed potion of sickness
  H - an uncursed potion of water
 Rings    ('=')
  O - a cursed ring of poison resistance named cur?
  B - an uncursed ring of stealth (on right hand)
 Wands    ('/')
  K - a wand of speed monster (0:6)
  z - a wand of striking (0:2)
 Tools    ('(')
  k - a magic marker (0:19)
  D - a +0 pick-axe
  M - an uncursed skeleton key
  t - an uncursed tin whistle
 Gems/Stones  ('*')
  v - a cursed amber stone
  E - an uncursed worthless piece of red glass

Japes the Monk's attributes:

Background:
 You were a Novice, a level 5 male human Monk.
 You were lawful, on a mission for Shan Lai Ching
 who was opposed by Chih Sung-tzu (neutral) and Huan Ti (chaotic).
 You were right-handed.
 You were in the Gnomish Mines, on level 8.
 You entered the dungeon 2190 turns ago.
 You had 202 experience points, 118 more were needed to attain level 6.

Basics:
 You had 0 out of 29 hit points.
 You had all 28 energy points (spell power).
 Your armor class was 4.
 Your wallet contained 282 zorkmids.
 Autopickup was on for '$' plus thrown.

Final Characteristics:
 Your strength was 18/01 (limit:18/100).
 Your dexterity was 14 (limit:18).
 Your constitution was 10 (limit:18).
 Your intelligence was 10 (limit:18).
 Your wisdom was 15 (limit:18).
 Your charisma was 10 (limit:18).

Final Status:
 You weren't hungry.
 You were burdened; movement was slightly slowed.
 You were empty handed.
 You had basic skill with martial arts.

Final Attributes:
 You were piously aligned.
 You were sleep resistant.
 You were poison resistant.
 You saw invisible.
 You were stealthy.
 You were guarded.
 Your spell casting was enhanced by wearing a robe.
 You were fast.
 You are dead.

Miscellaneous:
 You didn't encounter any bones levels.
 Total elapsed playing time was 35 minutes and 24 seconds.

Major events:
 Turn
    1: Japes the lawful male human Monk entered the dungeon
  673: entered the Gnomish Mines
  688: attained the rank of Novice (level 3)
 2183: reached Mine Town
 2190: killed by a wand

Spells:
 Name                 Level Category     Fail Retention
 confuse monster        1   enchantment    0%  76%-100%

Skills:
 Fighting Skills
   martial arts       [Basic]
 Weapon Skills
   quarterstaff       [Unskilled]
   spear              [Unskilled]
   crossbow           [Unskilled]
   shuriken           [Unskilled]
 Spellcasting Skills
   attack spells      [Unskilled]
   healing spells     [Basic]
   divination spells  [Unskilled]
   enchantment spells [Unskilled]
   clerical spells    [Unskilled]
   escape spells      [Unskilled]
   matter spells      [Unskilled]

Voluntary challenges:
 Character rerolling was not enabled.
 You were vegetarian.
 You never hit with a wielded weapon.
 You never genocided any monsters.
 You never polymorphed an object.
 You never changed form.
 You used no wishes.
Achievements:
 You entered a shop.
 You entered the Gnomish Mines.
 You attained the rank of Novice.
 You entered Minetown.

 The Dungeons of Doom: levels 1 to 5
    Level 1:
    Level 2: "shop wand wish/death"
       A wand shop, a fountain.
    Level 3:
       A general store.
    Level 4:
       Stairs down to The Gnomish Mines.
    Level 5:
 The Gnomish Mines: levels 5 to 8
    Level 5:
    Level 8: <- You were here.
       A fountain, some trees.
       Final resting place for
          you, killed by a wand.


Vanquished creatures:
  a leprechaun
  2 gnome leaders
  a giant ant
  a little dog
  a floating eye
  2 dwarves
  a hobbit
  2 hobgoblins
  a giant rat
  8 gnomes
  a gnome zombie
  3 geckos
  6 jackals
  4 goblins
  a sewer rat
  a grid bug
  5 lichens
  4 newts
45 creatures vanquished.

No species were genocided or became extinct.

Game over:
                       ----------
                      /          \
                     /    REST    \
                    /      IN      \
                   /     PEACE      \
                  /                  \
                  |      Japes       |
                  |      282 Au      |
                  | killed by a wand |
                  |                  |
                  |                  |
                  |                  |
                  |       2026       |
                 *|     *  *  *      | *
        _________)/\\_//(\/(/\)/\//\/|_)_______

Goodbye Japes the Monk...

You died in The Gnomish Mines on dungeon level 8 with 1412 points,
and 282 pieces of gold, after 2190 moves.
You were level 5 with a maximum of 29 hit points when you died.

